[Event "*** Titled Tuesday Blitz"]
[Site "Chess.com"]
[Date "2020.10.20"]
[Round "5"]
[White "Shockerlover"]
[Black "mr65"]
[Result "0-1"]
[WhiteElo "1883"]
[BlackElo "2167"]
[TimeControl "180+1"]
[EndTime "10:55:52 PDT"]
[Termination "mr65 won by resignation"]

1. d4 Nf6 2. Nf3 g6 3. c4 Bg7 4. g3 O-O 5. Bg2 d6 6. O-O Nc6 7. Nc3 a6 8. e4 Bg4 9. h3 Bxf3 10. Bxf3 e5 11. d5 Nd4 12. Bg2 c5 13. Be3 Nd7 14. Qd2 f5 15. f4 b5 16. cxb5 axb5 17. Bxd4 exd4 18. Nxb5 Nf6 19. e5 dxe5 20. fxe5 Nxd5 21. Nd6 Ne3 22. Bxa8 Qxa8 23. Rf2 Bxe5 24. Nb5 Bxg3 25.
Rg2 Qxg2+ 26. Qxg2 Nxg2 27. Kxg2 Bf4 28. a4 Rb8 29. Kf3 Be3 30. Ra2 f4 31. a5 Rxb5 32.
a6 Rb8 33. a7 Ra8 34. Ra6 c4 35. Kg4 d3 36. Kg5 Rxa7 37. Re6 Kf7 38. Rf6+ Kg7 39. Rc6 h6+ 40. Kg4 d2 0-1

[Event "*** Titled Tuesday Blitz"]
[Site "Chess.com"]
[Date "2020.10.20"]
[Round "5"]
[White "parnali1611"]
[Black "yobdc"]
[Result "0-1"]
[WhiteElo "2099"]
[BlackElo "2342"]
[TimeControl "180+1"]
[EndTime "10:55:56 PDT"]
[Termination "yobdc won by resignation"]

1. d4 d5 2. c4 e6 3. Nf3 c6 4.
cxd5 exd5 5. Bg5 Be7 6. Bxe7 Qxe7 7. e3 Nf6 8. Bd3 O-O 9. O-O Nbd7 10. Qc2 Re8 11. Nc3 Nf8 12. Nd2 Ng6 13. Rae1 Be6 14. f3 Qd7 15. Kh1 Nf8 16. Ne2 a5 17. e4 dxe4 18.
fxe4 Ng4 19. Nf4 Qxd4 20. Nf3 Qb6 21. e5 Bxa2 22. Ng5 h6 23. Bh7+ Kh8 24. Nxf7+ Bxf7 25. e6 Nxe6 26. Rxe6 Rxe6 27. Nxe6 Bxe6 28. Qe2 Kxh7 29. Qe4+ Kh8 0-1

[Event "*** Titled Tuesday Blitz"]
[Site "Chess.com"]
[Date "2020.10.20"]
[Round "5"]
[White "Illingworth"]
[Black "Kildepiotr"]
[Result "1/2-1/2"]
[WhiteElo "2892"]
[BlackElo "2667"]
[TimeControl "180+1"]
[EndTime "10:55:58 PDT"]
[Termination "Game drawn by repetition"]

1. Nf3 g6 2. d4 Bg7 3. e4 c6 4.
Nbd2 d5 5. Bd3 Bg4 6. c3 Nd7 7. h3 Bxf3 8. Nxf3 dxe4 9. Bxe4 e5 10. O-O Ngf6 11. Bc2 exd4 12. Re1+ Kf8 13. Qxd4 Nd5 14.
Qa4 h6 15. Qa3+ Kg8 16. Bd2 Kh7 17. Rad1 Re8 18. h4 Rxe1+ 19. Rxe1 N7f6 20. Ne5 Qc7 21. c4 Nb6 22. Qg3 Kg8 23. Nxg6 Qxg3 24. Ne7+ Kf8 25.
fxg3 Nxc4 26. Bc3 Re8 27. Bb4 a5 28. Bc5 b6 29. Ng6+ Kg8 30. Rxe8+ Nxe8 31. Ne7+ Kf8 32. Ng6+ Kg8 33. Ne7+ Kf8 34. Ng6+ Kg8 1/2-1/2

[Event "*** Titled Tuesday Blitz"]
[Site "Chess.com"]
[Date "2020.10.20"]
[Round "5"]
[White "Iskusnyh"]
[Black "AlexeiShirov"]
[Result "0-1"]
[WhiteElo "2556"]
[BlackElo "2810"]
[TimeControl "180+1"]
[EndTime "10:56:00 PDT"]
[Termination "AlexeiShirov won by resignation"]

1. d4 d5 2. c4 c6 3. Nf3 Nf6 4. e3 Bf5 5. Nc3 e6 6. Nh4 Be4 7. f3 Bg6 8. Bd2 Nbd7 9. Qb3 Rb8 10. cxd5 cxd5 11. O-O-O b5 12. Nxg6 hxg6 13. Kb1 Be7 14. g4 O-O 15. h4 Nb6 16. h5 g5 17. e4 dxe4 18. Nxe4 Nfd5 19. Bxb5 Nc8 20. Nc5 Bxc5 21.
dxc5 a6 22. a4 axb5 23. axb5 Qf6 24. h6 g6 25. h7+ Kg7 26. Ba5 Nce7 27. c6 Nxc6 28. Be1 Nd4 29. Qd3 Nxb5 30. Bf2 Nbc3+ 0-1

[Event "*** Titled Tuesday Blitz"]
[Site "Chess.com"]
[Date "2020.10.20"]
[Round "5"]
[White "alejanchess73"]
[Black "tylityli"]
[Result "1/2-1/2"]
[WhiteElo "2438"]
[BlackElo "2235"]
[TimeControl "180+1"]
[EndTime "10:56:00 PDT"]
[Termination "Game drawn by repetition"]

1. e4 e5 2. Nf3 Nc6 3. Bb5 a6 4. Bxc6 dxc6 5. O-O Ne7 6. d4 exd4 7. Nxd4 c5 8. Nb3 Qxd1 9. Rxd1 Be6 10. Nxc5 Bc8 11. Nc3 b6 12. Nd3 Bb7 13. Bf4 O-O-O 14. f3 f6 15. a4 Ng6 16. Bg3 Bd6 17. Bxd6 Rxd6 18. Nf2 Rhd8 19. Rxd6 Rxd6 20. Rd1 Re6 21. b3 Rc6 22.
Nd5 Rxc2 23. g3 Bxd5 24. Rxd5 Rb2 25. Rd3 Ne5 26. Rc3 Kb7 27. f4 Nd7 28. Nd3 Rd2 29. h4 h5 30. Kf1 a5 31. Ke1 Rg2 32. Nf2 Nc5 33. Re3 Rg1+ 34. Ke2 Rb1 35. e5 fxe5 36. Rxe5 g6 37. Rg5 Rb2+ 38. Kf3 Rxb3+ 39. Kg2 Rb2 40.
Kf3 Rb3+ 41. Kg2 Rb2 42. Kf3 Rb3+ 1/2-1/2

[Event "*** Titled Tuesday Blitz"]
[Site "Chess.com"]
[Date "2020.10.20"]
[Round "5"]
[White "Loy_Konstantin"]
[Black "AlphaHero0"]
[Result "1-0"]
[WhiteElo "2369"]
[BlackElo "1976"]
[TimeControl "180+1"]
[EndTime "10:56:00 PDT"]
[Termination "Loy_Konstantin won by resignation"]

1. e4 Nc6 2. Nf3 d6 3. d4 Nf6 4. Nc3 g6 5. Bb5 Bg7 6. O-O O-O 7. h3 a6 8. Bxc6 bxc6 9. Re1 a5 10. Bg5 Rb8 11.
b3 h6 12. Be3 Kh7 13. Qd2 a4 14. Rad1 axb3 15. axb3 Bd7 16. e5 Nd5 17. Nxd5 cxd5 18. Ra1 Bf5 19. Ra7 c5 20. exd6 exd6 21. Bf4 Be4 22. dxc5 Bxf3 23. gxf3 dxc5 24. Bxb8 Qxb8 25. Ree7 Qe5 26. Rxe5 1-0

[Event "*** Titled Tuesday Blitz"]
[Site "Chess.com"]
[Date "2020.10.20"]
[Round "5"]
[White "Duhless"]
[Black "GM_Levan_Pantsulaia"]
[Result "1-0"]
[WhiteElo "3019"]
[BlackElo "2853"]
[TimeControl "180+1"]
[EndTime "10:56:01 PDT"]
[Termination "Duhless won by resignation"]

1. d4 Nf6 2. Nf3 c5 3. c3 b6 4. dxc5 bxc5 5. e4 Nc6 6. e5 Ng4 7. Bf4 Qb6 8. Nbd2 c4 9. Bg3 Qxb2 10. Bxc4 Qxc3 11. O-O Nh6 12. Rc1 Qa5 13. Nb3 Qd8 14.
e6 fxe6 15. Nbd4 Nxd4 16. Nxd4 Qb6 17. Nb5 d6 18. Nc7+ Qxc7 19. Bb5+ Qd7 20. Qa4 Qxb5 21. Qxb5+ Bd7 22. Qb7 Rd8 23. Rc7 e5 24. Bxe5 Nf7 25.
Ba1 e5 26. f4 Be7 27. fxe5 Nxe5 28. Bxe5 dxe5 29. Rd1 1-0

[Event "*** Titled Tuesday Blitz"]
[Site "Chess.com"]
[Date "2020.10.20"]
[Round "5"]
[White "amintabatabaei"]
[Black "avantage_ru"]
[Result "0-1"]
[WhiteElo "2941"]
[BlackElo "2819"]
[TimeControl "180+1"]
[EndTime "10:56:02 PDT"]
[Termination "avantage_ru won by resignation"]

1. Nf3 h6 2. e4 g5 3. d4 Bg7 4.
h4 g4 5. Ne5 h5 6. c3 Nc6 7. f4 gxf3 8. Nxf3 Nf6 9. e5 Ng4 10.
Bf4 d6 11. exd6 cxd6 12. Bb5 Qb6 13. Na3 O-O 14. Qe2 e5 15. dxe5 dxe5 16. Bg5 Bf5 17. O-O-O Rac8 18. Rhf1 Bg6 19. Bd3 e4 20. Bxe4 Rfe8 21.
Nd2 Nb4 22. Kb1 Rxc3 23. bxc3 Nd5+ 24. Kc2 Nxc3 25. Qc4 Nxe4 26. Nxe4 Rxe4 0-1

[Event "*** Titled Tuesday Blitz"]
[Site "Chess.com"]
[Date "2020.10.20"]
[Round "5"]
[White "ftorodent"]
[Black "Fischerev7"]
[Result "1-0"]
[WhiteElo "2663"]
[BlackElo "2407"]
[TimeControl "180+1"]
[EndTime "10:56:03 PDT"]
[Termination "ftorodent won on time"]

1. d4 Nf6 2. c4 e6 3. Nf3 Bb4+ 4. Bd2 a5 5. Nc3 O-O 6. Qc2 b6 7. e4 d6 8. Bd3 e5 9. O-O Nc6 10. d5 Ne7 11. Bg5 Ng6 12. Nb5 Bg4 13. Be2 Bd7 14.
Bxf6 gxf6 15. g3 Bxb5 16. cxb5 Bc5 17. Ne1 Qd7 18. Kg2 f5 19. exf5 Ne7 20. f6 Nxd5 21.
Bf3 Nb4 22. Qd2 Qf5 23. Bxa8 Rxa8 24. a3 Qe4+ 25. f3 Qd5 26. Qg5+ Kf8 27. axb4 Bxb4 28. Nc2 Bc5 29. Rad1 1-0

[Event "*** Titled Tuesday Blitz"]
[Site "Chess.com"]
[Date "2020.10.20"]
[Round "5"]
[White "novocane"]
[Black "Synctel"]
[Result "1-0"]
[WhiteElo "2294"]
[BlackElo "1994"]
[TimeControl "180+1"]
[EndTime "10:56:03 PDT"]
[Termination "novocane won by resignation"]

1. d4 Nf6 2. c4 e6 3. Nc3 Bb4 4.
e3 O-O 5. Ne2 Re8 6. a3 Bf8 7.
e4 d6 8. f3 Nc6 9. Be3 e5 10.
d5 Ne7 11. Qd2 a5 12. g4 b6 13. h4 Nd7 14. g5 Nc5 15. Qc2 a4 16. O-O-O Nb3+ 17. Kb1 f5 18. exf5 Nxf5 19. Bf2 Na5 20. Ng3 Nxg3 21.
Bxg3 Qd7 22. Bd3 g6 23. h5 1-0

[Event "*** Titled Tuesday Blitz"]
[Site "Chess.com"]
[Date "2020.10.20"]
[Round "5"]
[White "AndrewMaco"]
[Black "ExtremeLearner"]
[Result "1-0"]
[WhiteElo "2621"]
[BlackElo "2372"]
[TimeControl "180+1"]
[EndTime "10:56:04 PDT"]
[Termination "AndrewMaco won by resignation"]

1. e4 c6 2. d4 d5 3. e5 Bf5 4. Nf3 e6 5. Be2 c5 6. O-O Nc6 7. Be3 Qb6 8. Nc3 Qxb2 9. Nb5 Rc8 10.
dxc5 Qxc2 11. Nd6+ Bxd6 12. cxd6 Qxd1 13. Rfxd1 Kd7 14.
h3 f6 15. Bb5 a6 16. Bxc6+ bxc6 17. g4 Be4 18. Nd2 Bg6 19. f4 Nh6 20. Nb3 c5 21.
Nxc5+ Rxc5 22. Bxc5 fxe5 23. fxe5 Nf7 24. Bd4 Ng5 25.
Kg2 Be4+ 26. Kg3 Rf8 27. Rf1 Rc8 28. Rac1 Rc4 29. Rxc4 dxc4 30. h4 Bd3 31. Rf8 Ne4+ 32. Kf4 c3 33. Rf7+ Kc6 34. Bxc3 Nxc3 35. Rc7+ Kd5 36. Rxc3 Bb5 37. Rc7 Bd7 38. Rxd7 1-0

[Event "*** Titled Tuesday Blitz"]
[Site "Chess.com"]
[Date "2020.10.20"]
[Round "5"]
[White "dragos420"]
[Black "oneshot007"]
[Result "1-0"]
[WhiteElo "2503"]
[BlackElo "2317"]
[TimeControl "180+1"]
[EndTime "10:56:04 PDT"]
[Termination "dragos420 won by checkmate"]

1. e4 c5 2. Nf3 Nc6 3. Bb5 g6 4. O-O Bg7 5. Nc3 Nf6 6. e5 Ng4 7. Bxc6 dxc6 8. Re1 O-O 9. d3 b6 10. h3 Nh6 11. Ne4 Nf5 12. c3 Ba6 13. d4 cxd4 14. cxd4 Qd5 15. Nc3 Qd7 16. g4 Nh6 17. Bf4 Rad8 18.
Qd2 Nxg4 19. e6 fxe6 20. hxg4 e5 21. Nxe5 Bxe5 22. Rxe5 Qxg4+ 23. Bg3 Rxd4 24. Qe3 c5 25. Rxe7 Bc8 26. Qe5 Rd3 27. Qg7# 1-0

[Event "*** Titled Tuesday Blitz"]
[Site "Chess.com"]
[Date "2020.10.20"]
[Round "5"]
[White "Blitzstream"]
[Black "Msb2"]
[Result "0-1"]
[WhiteElo "2664"]
[BlackElo "2922"]
[TimeControl "180+1"]
[EndTime "10:56:05 PDT"]
[Termination "Msb2 won by resignation"]

1. d4 Nf6 2. Bg5 d5 3. Nd2 c5 4. c3 Nc6 5. e3 cxd4 6. exd4 h6 7. Bh4 Bf5 8. Ngf3 e6 9. Qb3 Qc8 10. Be2 Be7 11. O-O O-O 12. Rfe1 a6 13. a4 Qc7 14.
Bg3 Bd6 15. Nf1 Ne4 16. Bxd6 Nxd6 17. Ne3 Bh7 18. Ne5 Nxe5 19. dxe5 Ne4 20. f3 Nc5 21. Qb4 a5 22. Qb5 Ra6 23. Bf1 Rb6 24. Qe2 Nd3 25.
Reb1 Nf4 26. Qd2 Bxb1 27. Rxb1 Qxe5 28. Re1 Qc7 29. Ng4 Rd8 30. Ne5 Ng6 31. Nxg6 fxg6 32. f4 Qc5+ 33. Kh1 d4 34. Re5 Qd6 35. Bc4 dxc3 36.
Qxc3 Kh7 37. h3 Qd2 38. Qg3 Qc1+ 0-1

[Event "*** Titled Tuesday Blitz"]
[Site "Chess.com"]
[Date "2020.10.20"]
[Round "5"]
[White "TomiLen"]
[Black "Radzio1987"]
[Result "0-1"]
[WhiteElo "2604"]
[BlackElo "2825"]
[TimeControl "180+1"]
[EndTime "10:56:06 PDT"]
[Termination "Radzio1987 won by resignation"]

1. c4 Nf6 2. Nc3 e5 3. Nf3 Nc6 4. d3 d5 5. cxd5 Nxd5 6. e4 Nf6 7. h3 Bc5 8. Be2 O-O 9. O-O Qe7 10. Be3 Rd8 11. Rc1 Nd4 12. Bxd4 Bxd4 13. Nxd4 Rxd4 14. Nb5 Rd7 15. Qb3 c6 16. Na3 Rd8 17. Qc3 Ne8 18.
Nc4 f6 19. Rfd1 Nc7 20. d4 Nb5 21. Qe3 Nxd4 22. Bg4 Be6 23. Bxe6+ Qxe6 24. b3 Rd7 25. Rd2 Rad8 26. Rcd1 b5 27. Na5 c5 28. Kh2 Qb6 29.
b4 c4 30. Qc3 h6 31. a4 a6 32.
axb5 axb5 33. Qe3 Nf3+ 0-1

[Event "*** Titled Tuesday Blitz"]
[Site "Chess.com"]
[Date "2020.10.20"]
[Round "5"]
[White "Ajedrez_con_German"]
[Black "ShapkinAnatoliy"]
[Result "0-1"]
[WhiteElo "2457"]
[BlackElo "2654"]
[TimeControl "180+1"]
[EndTime "10:56:08 PDT"]
[Termination "ShapkinAnatoliy won on time"]

1. d4 Nf6 2. Bf4 g6 3. Nf3 Bg7 4. e3 d6 5. h3 O-O 6. Be2 c5 7. c3 Qb6 8. Qb3 Be6 9. Qxb6 axb6 10. a3 Nc6 11. Nbd2 Bd7 12. O-O Nd8 13. Rfe1 Ne6 14. Bh2 Bc6 15. Bd3 d5 16. Ne5 Rfc8 17. Rac1 Nd7 18.
Nxd7 Bxd7 19. Nf3 Bc6 20. Be5 f6 21. Bg3 f5 22. Ne5 Bf6 23. Rcd1 Nf8 24. f3 Nd7 25. Nxd7 Bxd7 26. Bf2 Bc6 27. e4 e6 28. exf5 exf5 29. dxc5 bxc5 30. Bxc5 Ba4 31. Bf2 Bxd1 32.
Rxd1 Kf7 33. Bc2 Rd8 34. Bb3 Ke6 35. Re1+ Kd6 36. Bg3+ Kc5 37. Re6 Ra6 38. Bf2+ d4 39. Re1 Rb6 40. Ba4 Rxb2 0-1

[Event "*** Titled Tuesday Blitz"]
[Site "Chess.com"]
[Date "2020.10.20"]
[Round "5"]
[White "grandcoach"]
[Black "Agoking701"]
[Result "0-1"]
[WhiteElo "2133"]
[BlackElo "2345"]
[TimeControl "180+1"]
[EndTime "10:56:08 PDT"]
[Termination "Agoking701 won on time"]

1. e4 c6 2. d4 d5 3. e5 c5 4. dxc5 Nc6 5. Nf3 Bg4 6. a3 e6 7. b4 Nxe5 8. Bb2 Nc6 9. h3 Bh5 10. Be2 Nf6 11. Nc3 Be7 12. O-O O-O 13. Nb5 a5 14. Nbd4 Ne4 15. b5 Nxd4 16. Nxd4 Bxe2 17.
Qxe2 Bxc5 18. Rad1 Qb6 19. c4 Nf6 20. Nb3 Be7 21. c5 Qc7 22. b6 Qc6 23. Rc1 Rfc8 24.
Nd4 Qd7 25. Nf3 Rxc5 26. Ne5 Qc8 0-1

[Event "*** Titled Tuesday Blitz"]
[Site "Chess.com"]
[Date "2020.10.20"]
[Round "5"]
[White "AttractiveMustard"]
[Black "chenxiaoyuer"]
[Result "0-1"]
[WhiteElo "2355"]
[BlackElo "2523"]
[TimeControl "180+1"]
[EndTime "10:56:09 PDT"]
[Termination "chenxiaoyuer won by resignation"]

1. e4 c5 2. Nf3 d6 3. d4 cxd4 4. Nxd4 Nf6 5. Nc3 Nc6 6. Bg5 e6 7. Qd2 Qb6 8. Bxf6 gxf6 9. Nb3 Bd7 10. Be2 O-O-O 11. Bh5 Be8 12. O-O Rg8 13. Kh1 Rg5 14. Be2 Ne7 15. a4 d5 16. a5 Qc7 17. a6 b6 18. Qe3 dxe4 19. Nxe4 Re5 20. Qf4 Ng6 21.
Qxf6 Rxe4 22. Bf3 Rf4 23. Qg5 Be7 24. Qh5 Rh4 0-1

[Event "*** Titled Tuesday Blitz"]
[Site "Chess.com"]
[Date "2020.10.20"]
[Round "5"]
[White "scarabee43"]
[Black "Smile2005"]
[Result "1-0"]
[WhiteElo "2470"]
[BlackElo "2339"]
[TimeControl "180+1"]
[EndTime "10:56:09 PDT"]
[Termination "scarabee43 won by resignation"]

1. Nf3 Nf6 2. c4 g6 3. Nc3 Bg7 4. e4 O-O 5. d4 d6 6. Be2 e5 7. d5 a5 8. Bg5 h6 9. Bh4 Na6 10. Nd2 Bd7 11. O-O Qe8 12. b3 Nh7 13. a3 h5 14. f3 Bh6 15. Rb1 Be3+ 16. Kh1 Nc5 17. Bf2 Bxf2 18. Rxf2 Qe7 19. b4 axb4 20. axb4 Na4 21. Nxa4 Bxa4 22. Nb3 Qh4 23. g3 Qg5 24. Qd3 Bxb3 25. Qxb3 h4 26. f4 exf4 27. gxf4 Qe7 28. Bf3 Qf6 29. Bg2 Qd4 30. Rff1 Nf6 31. Rbd1 Qa7 32.
Qh3 Rfe8 33. Qxh4 Nxe4 34. f5 g5 35. Qe1 Re5 36. Bxe4 Rae8 37. Qg3 Rxe4 38. Qxg5+ Kf8 39. f6 R8e5 40. Qg7+ Ke8 41. Qg8+ Kd7 42. Qxf7+ Kc8 43. Qg8+ Re8 44. f7 1-0

[Event "*** Titled Tuesday Blitz"]
[Site "Chess.com"]
[Date "2020.10.20"]
[Round "5"]
[White "MasterSonnevanck23"]
[Black "HouseOfDurin"]
[Result "1-0"]
[WhiteElo "2349"]
[BlackElo "2156"]
[TimeControl "180+1"]
[EndTime "10:56:09 PDT"]
[Termination "MasterSonnevanck23 won by resignation"]

1. Nf3 c5 2. c4 Nc6 3. Nc3 e5 4.
e3 g6 5. d4 cxd4 6. exd4 Bg7 7. dxe5 Nge7 8. Bf4 O-O 9. Bd3 Qa5 10. Qe2 Nb4 11. Be4 Nec6 12. a3 Re8 13. O-O Na6 14.
b4 Naxb4 15. axb4 Qxb4 16. Nd5 Qf8 17. Nc7 Nxe5 18. Nxa8 Nxf3+ 19. Qxf3 Bxa1 20. Rxa1 Qe7 21. Bd3 d6 22. h3 Bd7 23. Nc7 Bc6 24. Nd5 Qd8 25.
Bh6 f5 26. Qf4 a6 27. Qd4 Re5 28. f4 Qh4 29. Bg5 Re1+ 30. Rxe1 Qxe1+ 31. Kh2 Qe6 32.
Bh6 Qf7 33. Nf6+ Kh8 34. Qxd6 Qe8 35. Nxe8 1-0

[Event "*** Titled Tuesday Blitz"]
[Site "Chess.com"]
[Date "2020.10.20"]
[Round "5"]
[White "andresgv36"]
[Black "GiantThresher"]
[Result "0-1"]
[WhiteElo "2422"]
[BlackElo "2826"]
[TimeControl "180+1"]
[EndTime "10:56:10 PDT"]
[Termination "GiantThresher won on time"]

1. d4 d5 2. Bf4 Nf6 3. e3 c5 4. Nf3 Nc6 5. Nbd2 Bf5 6. c3 e6 7. Qb3 Qc8 8. Nh4 Be4 9. f3 Bg6 10. Nxg6 hxg6 11. g4 Qd7 12. Be2 cxd4 13. exd4 Bd6 14.
Bxd6 Qxd6 15. O-O-O O-O-O 16. Bb5 Ne7 17. Kb1 Rxh2 18.
Rxh2 Qxh2 19. Qa3 Nc6 20. Bxc6 bxc6 21. Qxa7 Qc7 22. Qxc7+ Kxc7 23. Rh1 Re8 24. Nb3 e5 25. Re1 e4 26. g5 exf3 27. Rf1 Ne4 28. Rxf3 Nxg5 29.
Rg3 Re1+ 30. Kc2 Ne4 31. Rf3 f6 32. Nc5 Re2+ 33. Kb3 Nd2+ 0-1

[Event "*** Titled Tuesday Blitz"]
[Site "Chess.com"]
[Date "2020.10.20"]
[Round "5"]
[White "frederiksvane"]
[Black "Tenamu"]
[Result "1-0"]
[WhiteElo "2664"]
[BlackElo "2408"]
[TimeControl "180+1"]
[EndTime "10:56:11 PDT"]
[Termination "frederiksvane won by resignation"]

1. e4 e6 2. d4 d6 3. Nf3 Ne7 4.
Bd3 g6 5. h4 h5 6. Bg5 Bg7 7.
O-O Nd7 8. Nbd2 b6 9. a4 a5 10. c3 Bb7 11. Qb3 Nf6 12. Rfe1 Qd7 13. Bb5 Bc6 14. e5 Nfd5 15. c4 Nb4 16. exd6 cxd6 17.
Bxe7 Bxb5 18. Bxd6 Qxd6 19. axb5 O-O 20. Ne4 Qf4 21. g3 Qg4 22. Kg2 Rfd8 23. Rad1 Qf5 24. c5 bxc5 25. dxc5 Nd5 26. b6 Rab8 27. Nd6 Qg4 28.
Re4 Qxe4 29. Nxe4 Nb4 30. Rxd8+ Rxd8 31. b7 Rb8 32. Qxb4 axb4 33. c6 Kh7 34. Nfg5+ Kh6 35. Nxf7+ Kh7 36. Neg5+ Kg8 37. c7 Be5 38. c8=Q+ Kg7 39.
Nxe5 1-0

[Event "*** Titled Tuesday Blitz"]
[Site "Chess.com"]
[Date "2020.10.20"]
[Round "5"]
[White "WPWPWP-2015"]
[Black "julinha97"]
[Result "1-0"]
[WhiteElo "2439"]
[BlackElo "2234"]
[TimeControl "180+1"]
[EndTime "10:56:14 PDT"]
[Termination "WPWPWP-2015 won by resignation"]

1. d4 Nf6 2. c4 g6 3. Nc3 d5 4.
cxd5 Nxd5 5. e4 Nxc3 6. bxc3 c5 7.
Be3 Bg7 8. Nf3 O-O 9. Qd2 Bg4 10.
Be2 Nc6 11. Rd1 Qa5 12. O-O Rad8 13. Qb2 Bxf3 14. Bxf3 cxd4 15. cxd4 b6 16. e5 Nb4 17. Bd2 Nd3 18. Qb3 Qa6 19. Be3 Nxe5 20. dxe5 Bxe5 21. g3 Bf6 22. Rxd8 Rxd8 23. Rd1 Rxd1+ 24. Bxd1 Kg7 25. h4 h5 26. Qc2 Qa3 27. Be2 Bb2 28. Bc4 Bf6 29.
Bb3 b5 30. Qc6 b4 31. Qc4 e6 32. Qc7 Qb2 33. Bxa7 Qb1+ 34. Kh2 Qf5 35. Qc2 Qf3 36. Be3 Be5 37. Qd2 Qf6 38. Qxb4 Qxh4+ 39. Qxh4 1-0

[Event "*** Titled Tuesday Blitz"]
[Site "Chess.com"]
[Date "2020.10.20"]
[Round "5"]
[White "zmeeed67"]
[Black "Barmen_EV"]
[Result "0-1"]
[WhiteElo "2345"]
[BlackElo "2515"]
[TimeControl "180+1"]
[EndTime "10:56:15 PDT"]
[Termination "Barmen_EV won on time"]

1. e4 c5 2. g3 Nc6 3. Bg2 g6 4. Ne2 Bg7 5. O-O h5 6. h4 Nf6 7. Nbc3 e6 8. a3 d5 9. exd5 Nxd5 10. Nxd5 exd5 11. Rb1 O-O 12. d3 Bg4 13. Qd2 Re8 14. Nf4 Ne5 15. f3 Bf5 16. Qf2 c4 17. dxc4 dxc4 18.
Be3 Qa5 19. Rbd1 Nc6 20. c3 Rad8 21. Rfe1 Qa4 22. Rxd8 Rxd8 23. Bc5 b6 24. Be3 Ne5 25. Bd4 Nd3 26. Nxd3 Bxd4 27. cxd4 cxd3 28. d5 Rxd5 29. f4 Rd8 30. Qd2 Qd4+ 31. Kh2 Rc8 32. Re3 Rc2 33. Re8+ Kg7 34. Qe1 d2 35. Qe7 d1=Q 36. Qf8+ Kh7 37. Qg8+ Kh6 38. Qf8+ Qg7 0-1

[Event "*** Titled Tuesday Blitz"]
[Site "Chess.com"]
[Date "2020.10.20"]
[Round "5"]
[White "Caterpiller35"]
[Black "mshuaau0"]
[Result "1-0"]
[WhiteElo "2429"]
[BlackElo "2221"]
[TimeControl "180+1"]
[EndTime "10:56:16 PDT"]
[Termination "Caterpiller35 won by resignation"]

1. d4 d5 2. Bf4 e6 3. e3 Bd6 4. Bg3 Nf6 5. Nd2 c5 6. c3 Nc6 7. Bd3 O-O 8. Ngf3 b6 9. Qe2 Bb7 10. e4 dxe4 11. Nxe4 Nxe4 12. Qxe4 g6 13. dxc5 Ne5 14.
Qxb7 Nxd3+ 15. Ke2 Nxc5 16. Qc6 Bxg3 17. Rad1 Qc8 18.
Qxc8 Raxc8 19. hxg3 f6 20. Nd4 e5 21. Nb5 a6 22. Nd6 Rc6 23. Ke3 Na4 24. Ne4 Nxb2 25. Rd7 Nc4+ 26. Ke2 b5 27. Rhxh7 Rfc8 28. Rhf7 f5 29.
Nf6+ Rxf6 30. Rxf6 Na3 31. Rxg6+ Kf8 32. Rxa6 Rxc3 33.
Ra8+ 1-0

[Event "*** Titled Tuesday Blitz"]
[Site "Chess.com"]
[Date "2020.10.20"]
[Round "5"]
[White "vinniethepooh"]
[Black "tptagain"]
[Result "0-1"]
[WhiteElo "2560"]
[BlackElo "2902"]
[TimeControl "180+1"]
[EndTime "10:56:17 PDT"]
[Termination "tptagain won by resignation"]

1. d4 f5 2. g3 Nf6 3. Bg2 g6 4. Nf3 Bg7 5. O-O O-O 6. b3 d6 7. Bb2 c6 8. Nbd2 Na6 9. c4 e5 10. dxe5 Nd7 11. e4 dxe5 12. Qe2 f4 13. a3 Nac5 14.
Rad1 Ne6 15. b4 c5 16. Nb3 Nd4 17. Nbxd4 cxd4 18. c5 Qe7 19. Nd2 Nf6 20. f3 fxg3 21.
hxg3 Nh5 22. Kh2 Bh6 23. Rh1 Nxg3 24. Kxg3 Be3 25. Bh3 Qg5+ 26. Bg4 h5 27. Nc4 Bxg4 28. fxg4 Rf2 29. Qxf2 Qxg4+ 30. Kh2 Bxf2 0-1

[Event "*** Titled Tuesday Blitz"]
[Site "Chess.com"]
[Date "2020.10.20"]
[Round "5"]
[White "AttackSparrow"]
[Black "natelleka"]
[Result "1-0"]
[WhiteElo "2388"]
[BlackElo "2183"]
[TimeControl "180+1"]
[EndTime "10:56:18 PDT"]
[Termination "AttackSparrow won by resignation"]

1. e4 e5 2. Nc3 Nf6 3. f4 d5 4.
fxe5 Nxe4 5. Qe2 Qh4+ 6. g3 Nxg3 7. Qf2 Nf5 8. Qxh4 Nxh4 9. Nxd5 Kd8 10. d4 h6 11. Bh3 Bxh3 12. Nxh3 Nf3+ 13. Kf2 Nxd4 14. Rd1 Bc5 15. Be3 Nxc2 16. Bxc5 Nxa1 17. Nb6+ Ke8 18. Nxa8 Na6 19. Nxc7+ Nxc7 20. Rxa1 b6 21. Bd6 Ne6 22. Ke3 Kd7 23. Rc1 Re8 24. Nf2 f6 25. Nd3 fxe5 26. Bxe5 g5 27. Ke4 Rf8 28. Rc2 Rf1 29. Rf2 Rh1 30. Rf7+ Ke8 31. Rxa7 Rd1 32. Bf6 Nc5+ 33. Nxc5 bxc5 34. Rh7 Re1+ 35. Kd5 h5 36. Rxh5 Kf7 37. Bxg5 Kg6 38. Bd2 Rd1 39. Rg5+ Kf6 40. Rg2 Kf5 41. Rf2+ Kg4 42. Kxc5 1-0

[Event "*** Titled Tuesday Blitz"]
[Site "Chess.com"]
[Date "2020.10.20"]
[Round "5"]
[White "WIDBIFS"]
[Black "GOGIEFF"]
[Result "1/2-1/2"]
[WhiteElo "2753"]
[BlackElo "2887"]
[TimeControl "180+1"]
[EndTime "10:56:19 PDT"]
[Termination "Game drawn by repetition"]

1. d4 Nf6 2. Nf3 g6 3. g3 Bg7 4. Bg2 O-O 5. O-O Nc6 6. c4 a6 7.
Nc3 Rb8 8. d5 Na5 9. Qd3 c5 10. e4 b5 11. e5 bxc4 12. Qe2 Ne8 13. Bg5 h6 14. Bh4 g5 15. Bxg5 hxg5 16. Nxg5 f6 17.
Qh5 fxg5 18. Ne4 Nf6 19. exf6 exf6 20. Nd6 f5 21. Rae1 Qf6 22. Ne8 Qh6 23. Nxg7 Qxg7 24. d6 Bb7 25. Re7 Rf7 26. Rfe1 Bxg2 27. Re8+ Rxe8 28. Rxe8+ Rf8 29. Re7 Rf7 30. Re8+ Rf8 31. Re7 Rf7 32. Re8+ 1/2-1/2

[Event "*** Titled Tuesday Blitz"]
[Site "Chess.com"]
[Date "2020.10.20"]
[Round "5"]
[White "xberli"]
[Black "Rud_Makarian"]
[Result "0-1"]
[WhiteElo "2560"]
[BlackElo "2755"]
[TimeControl "180+1"]
[EndTime "10:56:20 PDT"]
[Termination "Rud_Makarian won by resignation"]

1. e4 e5 2. Nf3 Nc6 3. Bb5 Nf6 4. O-O Nxe4 5. Re1 Nd6 6. Nxe5 Be7 7. Bf1 O-O 8. d4 Nf5 9. c3 d5 10. Bf4 Bd6 11. Nd2 Nce7 12. Nd3 Ng6 13. Bxd6 Nxd6 14. Qf3 c6 15. Ne5 Bf5 16. Bd3 Qg5 17. Bxf5 Nxf5 18. Nf1 Rfe8 19. Nxg6 hxg6 20. Qd3 a6 21. a4 a5 22. Ng3 Qf4 23. Nxf5 gxf5 24. Re3 Re4 25. Rae1 Rae8 26. g3 Rxe3 27. Rxe3 Rxe3 28.
Qxe3 Qe4 29. Qxe4 fxe4 30. f3 f5 31. Kf2 g5 32. Ke3 Kf7 33. fxe4 fxe4 34. c4 dxc4 35.
Kxe4 g4 36. d5 c5 37. Ke5 Ke7 38. d6+ Kd7 39. Kd5 b6 40. Kxc4 Kxd6 41. Kb5 Kc7 42. Ka6 Kc6 43. b3 c4 44. bxc4 Kc5 45. Ka7 Kxc4 46.
Kxb6 Kb4 47. Kc6 Kxa4 48. Kd5 Kb3 49. Ke4 a4 50. Kf4 a3 51. Kxg4 a2 52. h4 a1=Q 0-1

[Event "*** Titled Tuesday Blitz"]
[Site "Chess.com"]
[Date "2020.10.20"]
[Round "5"]
[White "Gabrielian_Artur"]
[Black "GelmanAlexander"]
[Result "1-0"]
[WhiteElo "2777"]
[BlackElo "2594"]
[TimeControl "180+1"]
[EndTime "10:56:20 PDT"]
[Termination "Gabrielian_Artur won by resignation"]

1. e4 c5 2. Nc3 e6 3. Nge2 a6 4.
g3 d6 5. Bg2 Nf6 6. O-O Be7 7.
d3 Nc6 8. f4 O-O 9. h3 Bd7 10.
g4 h6 11. Ng3 b5 12. Be3 b4 13. Nce2 a5 14. g5 hxg5 15. fxg5 Nh7 16. h4 Ne5 17. Nf4 Qe8 18. Bh3 a4 19. a3 b3 20.
c3 Rc8 21. Kh2 Bd8 22. Rg1 Rc7 23. Qe2 Bc8 24. Raf1 f6 25. g6 Nxg6 26. Nxg6 Qxg6 27. Nf5 Qe8 28. Nxd6 Qd7 29. Nxc8 Qxc8 30. Qg4 Re7 31. Kh1 Kh8 32. Qh5 Qc6 33. Bxc5 Qd7 34. Bxe7 Bxe7 35.
d4 Qd6 36. Qg4 Rf7 37. Qxe6 1-0